 Dungeon Crawl Stone Soup version 0.29.0-4-gdea44cf6ec (webtiles) character file.

Game seed: 11239488824979632287

667 qw the Blocker (level 7, 0/40 HPs)
             Began as a Tengu Warper on Aug 28, 2022.
             Slain by Pikel
             ... wielding a +0 whip of freezing
              (3 damage)
             ... on level 5 of the Dungeon.
             The game lasted 00:00:29 (4656 turns).

qw the Blocker (Tengu Warper)                       Turns: 4656, Time: 00:00:30

Health: 0/40       AC: 10    Str: 13    XL:     7   Next: 57%
Magic:  11/11      EV: 11    Int: 13    God:
Gold:   99         SH:  7    Dex: 14    Spells: 10/10 levels left

rFire   . . .      SeeInvis .   c - +0 war axe (vamp)
rCold   . . .      Faith    .   a - +0 buckler
rNeg    . . .      Spirit   .   e - +0 scale mail
rPois   .          Reflect  .   (helmet restricted)
rElec   .          Harm     .   (no cloak)
rCorr   .          Rampage  .   (no gloves)
Will    .....                   (boots unavailable)
Stlth   ..........              (no amulet)
HPRegen 0.13/turn               i - +4 ring of protection
MPRegen 0.12/turn               (no ring)

@: flying quickly and evasively, quick
A: beak, talons 3, nimble flight
a: no special abilities


You were on level 5 of the Dungeon.
You visited 1 branch of the dungeon, and saw 5 of its levels.

You collected 251 gold pieces.
You spent 152 gold pieces at shops.


Innate Abilities, Weirdness & Mutations

You have a beak for a mouth.
You have claws for feet.
Your magical nature lets you fly swiftly and evasively.


   Skills:
 + Level 2.0 Fighting
 - Level 7.1 Axes
 - Level 1.0 Throwing
 - Level 1.1 Armour
 - Level 2.1 Dodging
 - Level 11.2 Shields
 - Level 2.0 Spellcasting
 - Level 2.4 Translocations


You had 10 spell levels left.
You didn't know any spells.
Your spell library contained the following spells:

 Spells                   Type           Power      Damage    Failure   Level
 Blink                    Tloc           14%        N/A       63%         2
 Gell's Gravitas          Tloc           7%         N/A       86%         3
 Lesser Beckoning         Tloc           7%         N/A       86%         3
 Teleport Other           Tloc           7%         N/A       86%         3
 Manifold Assault         Tloc           7%         N/A       100%        5

Inventory:

Hand Weapons
 c - a +0 vampiric war axe (weapon)
 g - a +3 flail
Armour
 a - a +0 buckler (worn)
 e - a +0 scale mail (worn)
 o - a +0 chain mail
Jewellery
 i - a +4 ring of protection (left hand)
 k - an amulet of the acrobat
Scrolls
 b - 2 scrolls of identify
Potions
 f - a potion of haste {unknown}
 h - 2 potions of curing
 j - a potion of brilliance {unknown}
 l - a potion of might {unknown}

Dungeon Overview and Level Annotations

Branches:
Dungeon (5/15)
 Temple: D:4-7

Altars:

Shops:
D:2 *   D:5 [*:

Annotations:
D:5 1 runed translucent door, Crazy Yiuf, Pikel


Message History

Pikel freezes you.
You hit Pikel. Your kick misses Pikel. You peck Pikel.
Pikel is moderately wounded.
You block Pikel's attack.
4648 ||| Stepping ~*~*~tactically~*~*~ (stealth).
You miss Pikel.
Pikel is lightly wounded.
Pikel hits you with a +0 whip of freezing.
Pikel freezes you.
You barely miss Pikel. Your kick misses Pikel.
Pikel is lightly wounded.
Pikel hits you with a +0 whip of freezing.
Pikel freezes you.
You closely miss Pikel.
The lemure shouts!
Your peck misses Pikel.
Pikel is lightly wounded.
You hear a shout!
Pikel barely misses you.
You hit Pikel but do no damage. Your kick misses Pikel.
Pikel is lightly wounded.
You block Pikel's attack. Pikel hits you but does no damage.
You hit Pikel but do no damage. You peck Pikel, but do no damage.
Pikel is lightly wounded.
You closely miss the lemure. Pikel closely misses you.
You barely miss Pikel.
Pikel is lightly wounded.
You slash the lemure! Pikel hits you but does no damage.
The lemure closely misses you.
You closely miss the lemure. You claw the lemure.
The lemure is moderately wounded.
You hit Pikel. You slash the lemure! You block Pikel's attack.
You block the lemure's attack. The lemure hits you.
You barely miss the lemure. You claw the lemure.
The lemure is severely wounded.
You hit the lemure. You barely miss Pikel.
Pikel hits you with a +0 whip of freezing.
Pikel freezes you.
You die...

.77 .7 ## ## 77 .....
.77 #...7 ..77 #..7.7
...7 #.7...7 ..##
7..\..7# ...#####
7...7.# .......# 7.7@5##
#.....## 7.K5.# #####.##
#....# #######
#...#..########....####
......5
#.#?##..................
......K
#.#...#########....##5..
......5 ..###.# #....#
..5 ....?.. ......#
#....# .( #######
..################## .


You could see Pikel and 2 lemures.

Vanquished Creatures
  2 black bears
  2 lemures (D:5)
  2 phantoms (D:5)
  A scorpion (D:4)
  4 gnolls (D:4)
  3 adders
  A shadow imp (D:5)
  3 worms
  4 dart slugs
  3 orcs
  6 bats
  6 endoplasms
  3 giant cockroaches
  5 hobgoblins
  5 jackals
  4 quokkas
  4 ball pythons
  9 goblins
  8 kobolds
  25 rats
100 creatures vanquished.

Notes
Turn   | Place    | Note
-------+----------+-------------------------------------------
     0 | D:1      | qw the Tengu Warper began the quest for the Orb.
     0 | D:1      | Reached XP level 1. HP: 12/12 MP: 4/4
     0 | D:1      | 0 ||| qw: Version: 0.1-a-89-g26bdef1
     0 | D:1      | 0 ||| qw: Game counter: 2271
     0 | D:1      | 0 ||| qw: Always use a shield: true
     0 | D:1      | 0 ||| qw: God list: Okawaru
     0 | D:1      | 0 ||| qw: Allow faded altars: false
     0 | D:1      | 0 ||| qw: Do Orc after D:15 true
     0 | D:1      | 0 ||| qw: Do second Lair branch before Depths: true
     0 | D:1      | 0 ||| qw: Lair rune preference: random
     0 | D:1      | 0 ||| qw: Plans: Normal
     0 | D:1      | 0 ||| PLANNING D:1-11
   324 | D:1      | 324 ||| DROPPING +0 club.
   380 | D:1      | 380 ||| SWAPPING to +0 war axe.
   396 | D:1      | 396 ||| DROPPING +0 hand axe.
   401 | D:1      | Reached XP level 2. HP: 14/17 MP: 6/6
   403 | D:1      | Reached skill level 3 in Axes
   919 | D:1      | 919 ||| Stepping ~*~*~tactically~*~*~ (stealth).
  1123 | D:1      | Found a faded altar of an unknown god.
  1125 | D:1      | 1125 ||| Stepping ~*~*~tactically~*~*~ (hiding).
  1126 | D:1      | 1126 ||| Stepping ~*~*~tactically~*~*~ (hiding).
  1284 | D:1      | 1284 ||| UPGRADING to +0 ring mail.
  1294 | D:1      | 1294 ||| DROPPING +0 leather armour.
  1295 | D:1      | 1295 ||| UPGRADING to +4 ring of protection.
  1296 | D:1      | 1296 ||| READING 2 scrolls labelled LAAFAVV CYRY.
  1297 | D:1      | 1297 ||| READING scroll labelled HEANGO MOAGUAX.
  1298 | D:1      | 1298 ||| READING scroll labelled UWNE CAUHAACAG.
  1299 | D:1      | 1299 ||| DRINKING 3 coppery potions.
  1300 | D:1      | 1300 ||| DROPPING scroll of blinking.
  1301 | D:1      | 1301 ||| DROPPING scroll of vulnerability.
  1302 | D:1      | 1302 ||| Stepping randomly (stuck).
  1303 | D:1      | 1303 ||| Stepping ~*~*~tactically~*~*~ (cloud).
  1303 | D:1      | HP: 3/17 [poisoned by you (poison gas)]
  1304 | D:1      | 1304 ||| DRINKING 2 potions of curing.
  1304 | D:1      | 1304 ||| (to cure poison)
  1419 | D:2      | Reached XP level 3. HP: 21/21 MP: 7/7
  1471 | D:2      | Found Xool's Assorted Antiques.
  1482 | D:2      | 1482 ||| BUYING scroll labelled ACUXOGR LOALE (22 gold).
  1482 | D:2      | Bought a scroll labelled ACUXOGR LOALE for 22 gold pieces
  1482 | D:2      | 1482 ||| BUYING scroll labelled FOZXAL EGOOVI (22 gold).
  1482 | D:2      | Bought a scroll labelled FOZXAL EGOOVI for 22 gold pieces
  1482 | D:2      | 1482 ||| SHOPLISTING scroll labelled QUMAMO KETAU (22 gold,
                  | have 3).
  2233 | D:2      | 2233 ||| READING scroll labelled VANOEL ISUGUE.
  2234 | D:2      | 2234 ||| READING 2 scrolls labelled HAENNU HEADE.
  2239 | D:2      | 2239 ||| READING scroll labelled ACUXOGR LOALE.
  2240 | D:2      | 2240 ||| READING scroll labelled FOZXAL EGOOVI.
  2241 | D:2      | 2241 ||| READING scroll labelled PAOGUTW PUFO.
  2288 | D:3      | Reached XP level 4. HP: 26/26 MP: 8/8
  2432 | D:3      | 2432 ||| Stepping ~*~*~tactically~*~*~ (stealth).
  2433 | D:3      | 2433 ||| Stepping ~*~*~tactically~*~*~ (stealth).
  2447 | D:3      | 2447 ||| Stepping ~*~*~tactically~*~*~ (stealth).
  2963 | D:3      | 2963 ||| UPGRADING to +0 buckler.
  2968 | D:3      | 2968 ||| DROPPING +6 ring of intelligence.
  2969 | D:3      | 2969 ||| READING scroll labelled OTIVIE AMNA.
  2970 | D:3      | 2970 ||| READING 2 scrolls of identify.
  2970 | D:3      | 2970 ||| IDENTIFYING gluggy blue potion
  2971 | D:3      | 2971 ||| DRINKING potion of experience.
  2971 | D:3      | Reached skill level 11 in Shields
  2971 | D:3      | Gained mutation: Your magical nature lets you fly swiftly
                  | and evasively. [Tengu growth]
  2971 | D:3      | Reached XP level 5. HP: 30/30 MP: 9/9
  3012 | D:4      | Noticed a black bear
  3017 | D:4      | 3017 ||| STAIRDANCE
  3024 | D:4      | 3024 ||| STAIRDANCE
  3031 | D:3      | Killed a black bear
  3032 | D:3      | Reached XP level 6. HP: 28/35 MP: 10/10
  3090 | D:4      | 3090 ||| STAIRDANCE
  3243 | D:4      | 3243 ||| Stepping ~*~*~tactically~*~*~ (stealth).
  3247 | D:4      | 3247 ||| Stepping ~*~*~tactically~*~*~ (stealth).
  3282 | D:4      | 3282 ||| Stepping ~*~*~tactically~*~*~ (stealth).
  3284 | D:4      | 3284 ||| Stepping ~*~*~tactically~*~*~ (stealth).
  3333 | D:4      | 3333 ||| DROPPING +0 whip.
  3370 | D:4      | 3370 ||| Stepping ~*~*~tactically~*~*~ (stealth).
  3376 | D:4      | Reached skill level 6 in Axes
  3393 | D:4      | 3393 ||| Stepping ~*~*~tactically~*~*~ (stealth).
  3553 | D:4      | 3553 ||| UPGRADING to +0 scale mail.
  3563 | D:4      | 3563 ||| DROPPING +0 ring mail.
  3564 | D:4      | 3564 ||| READING scroll labelled DIHEOSCH ZENGOAKAMP.
  3565 | D:4      | 3565 ||| DRINKING 2 fuming grey potions.
  3586 | D:5      | Entered Level 5 of the Dungeon
  3617 | D:5      | Noticed a black bear
  3623 | D:5      | 3623 ||| Stepping ~*~*~tactically~*~*~ (stealth).
  3626 | D:5      | 3626 ||| Stepping ~*~*~tactically~*~*~ (hiding).
  3629 | D:5      | Killed a black bear
  3630 | D:5      | Reached XP level 7. HP: 22/40 MP: 11/11
  3839 | D:5      | Found Kamaj's Book Boutique.
  3845 | D:5      | 3845 ||| Stepping ~*~*~tactically~*~*~ (hiding).
  4036 | D:5      | Found a runed translucent door.
  4037 | D:5      | Noticed Crazy Yiuf
  4085 | D:5      | Found Zojeoc's Antique Armour Boutique.
  4091 | D:5      | 4091 ||| BUYING chain mail (108 gold).
  4091 | D:5      | Bought a chain mail for 108 gold pieces
  4314 | D:5      | Noticed Eustachio
  4316 | D:5      | Noticed Pikel
  4326 | D:5      | HP: 10/40 [lemure[Pikel] (3)]
  4327 | D:5      | 4327 ||| READING scroll of teleportation.
  4328 | D:5      | 4328 ||| DRINKING potion of heal wounds.
  4462 | D:5      | Found Bosenirigi's Assorted Antiques.
  4465 | D:5      | 4465 ||| Stepping ~*~*~tactically~*~*~ (stealth).
  4467 | D:5      | 4467 ||| Stepping ~*~*~tactically~*~*~ (stealth).
  4474 | D:5      | 4474 ||| Stepping ~*~*~tactically~*~*~ (stealth).
  4497 | D:5      | 4497 ||| FLEEEEING.
  4637 | D:5      | 4637 ||| Stepping ~*~*~tactically~*~*~ (stealth).
  4644 | D:5      | 4644 ||| Stepping ~*~*~tactically~*~*~ (stealth).
  4648 | D:5      | 4648 ||| Stepping ~*~*~tactically~*~*~ (stealth).
  4655 | D:5      | HP: 8/40 [lemure[Pikel] (4)]
  4656 | D:5      | HP: 3/40 [Pikel/+0 whip of freezing (6)]
  4656 | D:5      | Slain by Pikel

Levels and vault maps discovered:
D:1:      minmay_arrival_four_loops, layout_loops_ring,
          shapermc_ecumenical_altar_mp_highgroup
D:2:      layout_basic, serial_shops,
          nicolae_shop_temple_entry_statues_fountains, minmay_rat_hole
D:3:      layout_loops_ring, minmay_vboxes
D:4:      layout_rooms
D:5:      layout_basic, serial_shops, nicolae_diamond_shop,
          nicolae_diamond_shop, nicolae_square_shop, uniq_pikel, uniq_eustachio,
          uniq_crazy_yiuf_cottage

Skill      XL: |  1  2  3  4  5  6  7 |
---------------+----------------------+-----
Axes           | 3 4 5 6 7 |  7.1
Shields        | 11 | 11.2
Fighting       | |  2.0
Throwing       | |  1.0
Armour         | |  1.1
Dodging        | |  2.1
Spellcasting   | |  2.0
Translocations | |  2.4

Action                   |  1- 3 |  4- 6 |  7- 9 || total
-------------------------+-------+-------+-------++-------
Melee: Hand axe          |    13 |       |       ||    13
       War axe           |    85 |    98 |    60 ||   243
       Kick              |    12 |    28 |    16 ||    56
       Peck              |    13 |    13 |    14 ||    40
Throw: Boomerang         |     7 |       |       ||     7
       Javelin           |       |       |     5 ||     5
  Use: Scroll            |     8 |     3 |     1 ||    12
       Potion            |     2 |     2 |     1 ||     5
Armor: Leather armour    |    10 |       |       ||    10
       Ring mail         |    34 |    44 |       ||    78
       Scale mail        |       |     2 |    24 ||    26
Dodge: Dodged            |    57 |    62 |    31 ||   150
Block: Buckler           |       |    16 |    27 ||    43

Table legend:
 A = Non-vault XP
 B = Vault XP
 C = Vault XP percentage of total XP
 D = Non-vault monster count
 E = Vault monster count
 F = Vault count percentage of total count
                 A         B        C        D         E       F
            +---------+---------+-------+---------+---------+-------
      Total |     778 |      39 |   4.8 |      74 |      24 |  24.5
            +---------+---------+-------+---------+---------+-------
        D:1 |      32 |       0 |   0.0 |      17 |       0 |   0.0
        D:2 |      22 |      20 |  47.6 |      11 |      19 |  63.3
        D:3 |     179 |      19 |   9.6 |      22 |       5 |  18.5
        D:4 |     169 |       0 |   0.0 |      17 |       0 |   0.0
        D:5 |     376 |       0 |   0.0 |       7 |       0 |   0.0
            +---------+---------+-------+---------+---------+-------
